 Dungeon Crawl Stone Soup version 0.19-a0-854-gc78d25d (webtiles) character file.

30 Charly the Charmwright (level 3, 0/29 HPs)
             Began as a Centaur Skald on July 1, 2016.
             Succumbed to an adder's poison
             ... on level 3 of the Dungeon.
             The game lasted 00:10:19 (582 turns).

Charly the Charmwright (Centaur Skald)               Turns: 582, Time: 00:10:20

Health: 0/29       AC:  4    Str: 14    XL:     3   Next: 5%
Magic:  7/14       EV:  9    Int: 12    God:
Gold:   75         SH:  0    Dex:  8    Spells: 2 memorised, 1 level left

rFire  . . .     SeeInvis .     a - +0 spear
rCold  . . .     Gourm    .     b - +0 leather armour
rNeg   . . .     Faith    .     (no shield)
rPois  .         Spirit   .     (no helmet)
rElec  .         Dismiss  .     (no cloak)
rCorr  .         Reflect  .     (no gloves)
SustAt .         Harm     .     (no barding)
MR     .....                    (no amulet)
Stlth  ..........               (no ring)
                                o - ring of magical power

@: lethally poisoned (0 -> -5), very slightly contaminated, hasted, invisible,
very quick, not resistant to hostile enchantments, extremely unstealthy
A: hooves 3, deformed body, speed 2, tough skin 3
a: no special abilities


You were on level 3 of the Dungeon.
You were not hungry.

You visited 1 branch of the dungeon, and saw 5 of its levels.

You collected 75 gold pieces.

Inventory:

Hand Weapons
 a - a +0 spear (weapon)
 n - a +0 glaive
Armour
 b - a +0 leather armour (worn)
Jewellery
 o - a ring of magical power (left hand)
Scrolls
 f - a scroll of teleportation
 h - a scroll of amnesia {unknown}
 i - a scroll of immolation {unknown}
 k - a scroll of blinking {unknown}
 l - a scroll of identify {unknown}
 p - a scroll of random uselessness {unknown}
Potions
 m - a potion of degeneration {unknown}
Books
 c - a book of Battle

   Spells                             Type                      Level
   a - Infusion                       Charms                       1
   b - Shroud of Golubria             Charms/Translocation         2
   c - Song of Slaying                Charms                       2
   d - Spectral Weapon                Hexes/Charms                 3
   e - Regeneration                   Charms/Necromancy            3
Comestibles
 d - a bread ration


   Skills:
 - Level 2.0 Fighting
 + Level 2.5 Polearms
 - Level 0.6 Armour
 - Level 0.6 Dodging
 - Level 1.5 Spellcasting
 + Level 3.3 Charms
 + Level 0.0 Necromancy


You had one spell level left.
You knew the following spells:

 Your Spells              Type           Power        Failure   Level  Hunger
i - Infusion              Chrm           #...         12%         1    ##.....
r - Regeneration          Chrm/Necr      #.........   58%         3    ####...


Dungeon Overview and Level Annotations

Branches:
Dungeon (5/15)
 Temple: D:4-7

Altars:
Dithmenos
Vehumet

Shops:
D:2 *


Innate Abilities, Weirdness & Mutations

You have hooves in place of feet.
Armour fits poorly on your strangely shaped body.
You cover ground very quickly.
You have extremely tough skin. (AC +3)


Message History

The adder is heavily wounded.
You feel sick. The adder bites you.
* * * LOW HITPOINT WARNING * * *
You hit the adder. Your kick misses the adder.
The adder is severely wounded.
The adder bites you.
* * * LOW HITPOINT WARNING * * *
Unknown command.
You closely miss the adder. Your kick misses the adder.
The adder is severely wounded.
* * * LOW HITPOINT WARNING * * *
You feel sick. The adder barely misses you. The adder bites you.
* * * LOW HITPOINT WARNING * * *
It was a potion of invisibility.
You fade into invisibility!
The adder misses you.
You are very lightly contaminated with residual magic.
It was a potion of haste.
You feel yourself speed up.
You are no longer magically infusing your attacks.
You die...

#.# ######....#### #.#
#............# #.#
#.##########.# o #.#
#)รท..........# o..
#.###............#
....o#######.#..............#
............................'
......######.#.####.##......#
..... ######@#.####.##......#
.... ........S......###.#####
... #########.###..###.# # ..
#.......##.##### .
#.........[.....
#.......##.#####
#.####..##.#.... #.#
##.##.#.### #.#####.##.#....


You could see an adder.

Vanquished Creatures
  4 dart slugs (D:3)
  An orc (D:3)
  A bat (D:2)
  2 goblins
  5 hobgoblins
  2 quokkas (D:2)
  2 ball pythons
  A kobold (D:2)
  A rat (D:1)
19 creatures vanquished.

Notes
Turn   | Place    | Note
-------+----------+-------------------------------------------
     0 | D:1      | Charly the Centaur Skald began the quest for the Orb.
     0 | D:1      | Reached XP level 1. HP: 17/17 MP: 3/3
   113 | D:2      | Found a shadowy altar of Dithmenos.
   191 | D:2      | You fall through a shaft!
   200 | D:3      | Reached skill level 3 in Charms
   200 | D:3      | Reached XP level 2. HP: 19/24 MP: 0/4
   253 | D:5      | Entered Level 5 of the Dungeon
   392 | D:2      | Found Gozag's Platinum Reserve.
   465 | D:3      | Reached XP level 3. HP: 22/29 MP: 1/5
   470 | D:3      | Learned a level 3 spell: Regeneration
   507 | D:3      | Found a radiant altar of Vehumet.
   580 | D:3      | HP: 1/29 [adder (2)]
   582 | D:3      | Succumbed to an adder's poison

Vault maps used:
D:1:      sevenhm_arrival_forest_fort_large_4
D:2:      old_standard_altar, marbit_many_paths, nicolae_gozag_zags_fifth_avenue
D:3:      nicolae_overflow_crystal_walls, uniq_terence
D:4:      lemuel_doored_altar, grunt_dithmenos_smoke, uniq_robin, uniq_menkaure
D:5:      serial_shops, nicolae_shop_behind_doors, basic_altar, first_bread,
          nicolae_ossuary_entry_catacombs, serial_bayou_pond_a, uniq_duvessa

Skill      XL: |  1 |
---------------+----+-----
Polearms       | 2 |  2.5
Charms         | 3 |  3.3
Fighting       | |  2.0
Armour         | |  0.6
Dodging        | |  0.6
Spellcasting   | |  1.5

Action                   || total
-------------------------++-------
Melee: Spear             ||    71
       Kick              ||     4
 Cast: Infusion          ||     7
  Use: Potion            ||     3
       Scroll            ||     1
  Eat: Pizza             ||     1
Armor: Leather armour    ||    18
Dodge: Dodged            ||    20
